 Dungeon Crawl Stone Soup version 0.23.2-1-ga50397a (webtiles) character file.

Game seed: 14021893489015300364

652 shadizar the Skirmisher (level 7, -4/44 HPs)
             Began as a Gargoyle Fighter on May 12, 2019.
             Killed by divine providence
             ... invoked by an orc priest
              (14 damage)
             ... on level 5 of the Dungeon.
             The game lasted 00:04:57 (3253 turns).

shadizar the Skirmisher (Gargoyle Fighter)          Turns: 3253, Time: 00:04:58

Health: -4/44      AC: 14    Str: 27    XL:     7   Next: 54%
Magic:  7/7        EV:  9    Int:  8    God:
Gold:   224        SH: 10    Dex:  9    Spells: 6/6 levels left

rFire    . . .     SeeInvis .   a - +0 flail
rCold    . . .     Gourm    .   c - +0 shield
rNeg     + . .     Faith    .   b - +0 scale mail
rPois    ∞         Spirit   .   (no helmet)
rElec    +         Reflect  .   q - +0 cloak
rCorr    .         Harm     .   (no gloves)
MR       .....                  n - +0 pair of boots
Stlth    ..........             (no amulet)
HPRegen  0.14/turn              (no ring)
MPRegen  0.10/turn              (no ring)

@: mighty
A: negative energy resistance 1, electricity resistance, unbreathing,
petrification resistance, rot immunity, AC +4
a: no special abilities


You were on level 5 of the Dungeon.
You were very hungry.

You visited 1 branch of the dungeon, and saw 5 of its levels.

You collected 224 gold pieces.

Inventory:

Hand Weapons
 a - a +0 flail (weapon)
Armour
 b - a +0 scale mail (worn)
 c - a +0 shield (worn)
 n - a +0 pair of boots (worn)
 q - a +0 cloak (worn)
Wands
 y - a wand of acid (9)
 z - a wand of flame (9)
Scrolls
 e - 3 scrolls of magic mapping {unknown}
 g - 3 scrolls of remove curse {unknown}
 h - 3 scrolls of amnesia {unknown}
 i - a scroll of enchant weapon {unknown}
 k - a scroll of random uselessness {unknown}
 l - 2 scrolls of identify {unknown}
 r - a scroll of blinking {unknown}
 t - a scroll of noise {unknown}
 u - a scroll of fog {unknown}
Potions
 d - 2 potions of might
 j - a potion of cancellation {unknown}
 m - a potion of invisibility {unknown}
 o - a potion of mutation {unknown}
 p - a potion of degeneration {unknown}
 s - 6 potions of curing {unknown}
 v - 3 potions of resistance {unknown}
 x - a potion of haste {unknown}
Comestibles
 f - 4 rations


   Skills:
 + Level 5.1 Fighting
 + Level 3.9 Maces & Flails
 + Level 5.0 Armour
 + Level 2.7 Dodging
 + Level 5.0 Shields


You had 6 spell levels left.
You didn't know any spells.
Your spell library was empty.

Dungeon Overview and Level Annotations

Branches:
Dungeon (5/15)
 Temple: D:4-7

Altars:
Trog
Zin

Annotations:
D:4 Dowan, Duvessa, Menkaure


Innate Abilities, Weirdness & Mutations

You are resistant to torment.
Your stone body is resilient. (AC +4)
You are immune to poison.
You resist negative energy. (rN+)
You are resistant to electric shocks. (rElec)
You can survive without breathing.
You are immune to petrification.
You are immune to rotting.


Message History

Your shield and scale mail prevent you from hitting something.
You block the orc's attack. Something hits you.
* * * LOW HITPOINT WARNING * * *
Something hits you but does no damage. The orc hits you but does no damage.
You miss something. Something hits you but does no damage.
The orc hits you but does no damage.
You bludgeon something!!
Reactivating autopickup.
You feel a bit more experienced. You block the orc's attack.
An orc priest comes into view. It is wielding a +0 flail.
The orc priest shouts!
You block the orc's attack.
There is an open door, spattered with blood here.
Things that are here:
a +0 dagger; a +0 robe You hit the orc.
The orc is almost dead.
The orc priest invokes the aid of Beogh against you.
Beogh smites you!
You die...

#.##....##........##......
#.####..###...#...##..÷<..
..#.......##[##...[.......
...#....#..#.##....##.o.... ...
#....'...#.##...##......
#....#.o................
#....#..................
#....#.o<......^........
##'####@#####...####....
#####+####..###.)..#########....
................................
................................
..$................?............
.###...###..###....##.##..####..
#... #### ###### .###+ #.. #...
. ... #... .# ...


You could see an orc priest and an orc.

Vanquished Creatures
  Grinder (D:5)
  An ice beast (D:5)
  A scorpion (D:5)
  A bullfrog zombie (D:5)
  A crimson imp (D:5)
  2 hounds (D:5)
  Jessica (D:2)
  An orc wizard (D:5)
  2 worker ants (D:5)
  3 adders
  2 oozes
  2 worms
  2 dart slugs (D:2)
  A leopard gecko (D:2)
  3 orcs
  A ball python (D:4)
  5 giant cockroaches
  6 goblins
  7 hobgoblins
  2 jackals (D:2)
  4 kobolds
  4 bats
  2 frilled lizards
  7 rats
62 creatures vanquished.

Notes
Turn   | Place    | Note
-------+----------+-------------------------------------------
     0 | D:1      | shadizar the Gargoyle Fighter began the quest for the Orb.
     0 | D:1      | Reached XP level 1. HP: 14/14 MP: 1/1
   309 | D:1      | Reached XP level 2. HP: 19/19 MP: 2/2
   879 | D:2      | Reached XP level 3. HP: 23/23 MP: 3/3
  1028 | D:2      | Noticed Jessica
  1067 | D:2      | HP: 1/24 [Jessica/nerve-wracking pain (2)]
  1069 | D:2      | Killed Jessica
  1069 | D:2      | Reached skill level 1 in Dodging
  1069 | D:2      | Reached XP level 4. HP: 2/29 MP: 4/4
  1076 | D:2      | HP: 1/29 [bat (1)]
  1923 | D:3      | Found a bloodstained altar of Trog.
  2682 | D:4      | Noticed an ogre
  2756 | D:4      | Noticed an ogre
  2797 | D:4      | Noticed Dowan
  2798 | D:4      | Noticed Duvessa
  2839 | D:4      | Noticed Menkaure
  2854 | D:5      | Entered Level 5 of the Dungeon
  2864 | D:5      | Reached XP level 5. HP: 29/33 MP: 5/5
  2888 | D:5      | Noticed an ice beast
  2915 | D:5      | Killed an ice beast
  2915 | D:5      | Reached XP level 6. HP: 35/39 MP: 6/6
  3008 | D:5      | Found a glowing silver altar of Zin.
  3049 | D:5      | Noticed Grinder
  3067 | D:5      | Killed Grinder
  3067 | D:5      | Reached skill level 5 in Fighting
  3067 | D:5      | Reached skill level 5 in Armour
  3067 | D:5      | Reached skill level 5 in Shields
  3067 | D:5      | Reached XP level 7. HP: 10/44 MP: 7/7
  3253 | D:5      | Killed from afar by an orc priest

Skill      XL: |  1  2  3  4  5  6 |
---------------+-------------------+-----
Dodging        | 1 2 |  2.7
Fighting       | 4 5 |  5.1
Armour         | 4 5 |  5.0
Shields        | 4 5 |  5.0
Maces & Flails | 3 |  3.9

Action                   |  1- 3 |  4- 6 |  7- 9 || total
-------------------------+-------+-------+-------++-------
Melee: Flail             |   132 |   183 |    22 ||   337
  Use: Potion            |     1 |     1 |     1 ||     3
  Eat: Chunk             |       |     7 |       ||     7
Armor: Scale mail        |    93 |   113 |    33 ||   239
Dodge: Dodged            |    45 |   100 |    12 ||   157
Block: Shield            |    90 |   125 |    15 ||   230
